 Dungeon Crawl Stone Soup version 0.30-a0-637-gacddeb6d44 (webtiles) character file.

Game seed: 7778233321877084437

2099 Leeroy the Carver (level 9, -1/48 HPs)
             Began as a Tengu Warper on Jan 15, 2023.
             Was a Follower of Uskayaw.
             Succumbed to a killer bee's poison
             ... on level 6 of the Dungeon.
             The game lasted 00:14:07 (7027 turns).

Leeroy the Carver (Tengu Warper)                    Turns: 7027, Time: 00:14:08

Health: -1/48      AC:  0    Str:  7    XL:     9   Next: 28%
Magic:  13/14      EV: 21    Int: 14    God:    Uskayaw [*.....]
Gold:   231        SH:  0    Dex: 23    Spells: 3/12 levels left

rFire   . . .      SeeInvis .    z - +3 long sword of the Final Decision {chaos, *Corrode Fly Will+++ Str-5}
rCold   + + .      Faith    .    (no shield)
rNeg    . . .      Spirit   .    v - +0 robe {rC+ rF+}
rPois   .          Reflect  .    (helmet restricted)
rElec   .          Harm     .    (no cloak)
rCorr   .          Rampage  .    H - +0 pair of gloves
Will    +++..                    (boots unavailable)
Stlth   ++                       (no amulet)
HPRegen 0.28/turn                i - +6 ring of dexterity
MPRegen 0.14/turn                j - ring of ice

@: mighty, lethally poisoned (-1 -> -13), corroded, flying quickly and
evasively, hasted, very quick
A: beak, talons 3, nimble flight, high MP 1
a: Renounce Religion, Stomp


You were on level 6 of the Dungeon.
You worshipped Uskayaw.
Uskayaw was noncommittal.
You visited 1 branch of the dungeon, and saw 7 of its levels.

You collected 231 gold pieces.

Inventory:

Hand Weapons
 a - a +0 falchion
 g - a -3 short sword of draining
 w - a +2 sling of flaming
 z - the +3 long sword of the Final Decision (weapon) {chaos, *Corrode Fly Will+++ Str-5}
   (You found it on level 4 of the Dungeon)

   Str:       It affects your strength (-5).
   Fly:       It grants you flight.
   *Corrode:  It may corrode you when you take damage.
   Will:      It greatly increases your willpower.
 C - a +1 dagger of venom
 E - a +0 dagger of draining
 J - a +0 rapier
 K - a +0 dagger of venom
Missiles
 d - 7 boomerangs of dispersal
 h - 6 boomerangs (quivered)
 u - 15 poisoned darts
 x - a throwing net
 L - a curare-tipped dart
Armour
 b - a +0 leather armour
 v - a +0 robe of resistance (worn)
 H - a +0 pair of gloves (worn)
Jewellery
 i - a +6 ring of dexterity (left hand)
 j - a ring of ice (right hand)
 D - a ring of protection from cold
 N - a ring of positive energy
Scrolls
 c - a scroll of blinking
 f - 5 scrolls of teleportation
 k - 2 scrolls of noise
 m - a scroll of poison
 o - a scroll of magic mapping
 q - a scroll of vulnerability
 s - a scroll of fear
 t - a scroll of summoning {unknown}
 y - a scroll of enchant weapon {unknown}
 F - a scroll of torment {unknown}
 M - a scroll of silence {unknown}
Potions
 l - a potion of mutation
 n - a potion of heal wounds {unknown}
 p - a potion of flight
 A - a potion of cancellation {unknown}
 B - a potion of degeneration {unknown}
 G - a potion of lignification {unknown}
 I - 2 potions of might


   Skills:
 - Level 2.0 Fighting
 - Level 11.1 Long Blades
 - Level 1.0 Throwing
 - Level 1.1 Armour
 + Level 7.5 Dodging
 - Level 2.0 Spellcasting
 - Level 2.4 Translocations


You had 3 spell levels left.
You knew the following spells:

 Your Spells              Type           Power      Damage    Failure   Level
a - Blink                 Tloc           16%        N/A       14%         2
b - Teleport Other        Tloc           8%         N/A       26%         3
c - Manifold Assault      Tloc           8%         N/A       65%         4

Your spell library contained the following spells:

 Spells                   Type           Power      Damage    Failure   Level
 Lesser Beckoning         Tloc           16%        N/A       26%         3
 Cigotuvi's Dreadful Rot  Necr/Pois/Air  2%         N/A       34%         2
 Poisonous Vapours        Pois/Air       2%         N/A       34%         2
 Vhi's Electric Charge    Tloc/Air       8%         N/A       41%         3
 Mephitic Cloud           Conj/Pois/Air  1%         N/A       56%         3
 Freezing Cloud           Conj/Ice/Air   1%         6-21      100%        5
 Simulacrum               Ice/Necr       1%         N/A       100%        6
 Polar Vortex             Ice            1%         N/A       100%        9


Dungeon Overview and Level Annotations

Branches:
Dungeon (7/15)             Temple (0/1) D:4

Altars:
Uskayaw

Annotations:
D:6 Dowan, Duvessa


Innate Abilities, Weirdness & Mutations

You have a beak for a mouth.
You have claws for feet.
Your magical nature lets you fly swiftly and evasively.
You have an increased reservoir of magic. (+10% MP)


Message History

You peck the killer bee, but do no damage.
The killer bee is moderately wounded.
The killer bee misses you.
You can no longer pass through a line of other dancers.
You closely miss the killer bee. Your peck misses the killer bee.
The killer bee is moderately wounded.
The killer bee stings you!
You are poisoned.
The killer bee poisons you! The killer bee closely misses you.
You closely miss the killer bee. Your kick misses the killer bee.
You peck the killer bee, but do no damage.
The killer bee is moderately wounded.
You feel sick. The killer bee stings you.
* * * LOW HITPOINT WARNING * * *
You are lethally poisoned!
The killer bee poisons you!
The killer bee stings you but does no damage.
Okay, then.
Okay, then.
It was a potion of might.
You feel very mighty all of a sudden.
* * * LOW HITPOINT WARNING * * *
You feel very sick.
The killer bee completely misses you. x2
It was a potion of flight.
You feel more buoyant.
* * * LOW HITPOINT WARNING * * *
You feel very sick. The killer bee closely misses you. x2
It was a potion of mutation.
You feel extremely strange.
You feel more energetic.
* * * LOW HITPOINT WARNING * * *
You feel very sick. The killer bee completely misses you.
The killer bee stings you.
* * * LOW HITPOINT WARNING * * *
Your corrosive artefact corrodes you!
You are more poisoned.
The killer bee poisons you!
It was a potion of haste.
You feel yourself speed up.
You die...

########.
#.y......
#@.....#
########


You could see a killer bee.

Vanquished Creatures
  Eustachio (D:6)
  A shadow (D:6)
  A water moccasin (D:5)
  A sky beast (D:6)
  2 ice beasts
  A kobold brigand (D:6)
  3 bullfrogs
  5 scorpions
  2 killer bees (D:7)
  A howler monkey (D:3)
  A jelly (D:3)
  An orc priest (D:5)
  6 hounds
  2 iguanas
  3 orc wizards
  8 gnolls
  14 adders
  2 white imps
  5 worms
  2 dart slugs (D:2)
  16 orcs
  10 ball pythons
  8 bats
  6 endoplasms
  5 giant cockroaches
  3 goblins
  14 hobgoblins
  4 jackals (D:2)
  5 quokkas
  5 frilled lizards
  12 kobolds
  3 rats
153 creatures vanquished.

Vanquished Creatures (others)
  4 fungi (D:4)
  2 plants (D:4)
6 creatures vanquished.

Grand Total: 159 creatures vanquished

Notes
Turn   | Place    | Note
-------+----------+-------------------------------------------
     0 | D:1      | Leeroy the Tengu Warper began the quest for the Orb.
     0 | D:1      | Reached XP level 1. HP: 12/12 MP: 4/4
   329 | D:1      | Reached skill level 3 in Long Blades
   329 | D:1      | Reached XP level 2. HP: 5/17 MP: 6/6
   435 | D:1      | Learned a level 2 spell: Blink
   910 | D:2      | Reached XP level 3. HP: 11/21 MP: 7/7
   985 | D:2      | Reached skill level 4 in Long Blades
  1240 | D:2      | Found a hide-covered altar of Uskayaw.
  1258 | D:2      | Became a worshipper of Uskayaw the Reveller
  1283 | D:2      | Reached XP level 4. HP: 26/26 MP: 8/8
  1304 | D:2      | Reached * piety under Uskayaw
  1309 | D:2      | Reached ** piety under Uskayaw
  1459 | D:2      | Reached skill level 5 in Long Blades
  1571 | D:3      | Gained mutation: Your magical nature lets you fly swiftly
                  | and evasively. [Tengu growth]
  1571 | D:3      | Reached XP level 5. HP: 26/30 MP: 9/9
  1821 | D:3      | Reached skill level 6 in Long Blades
  1831 | D:3      | Reached *** piety under Uskayaw
  2264 | D:3      | Found a faded altar of an unknown god.
  2743 | D:3      | Reached XP level 6. HP: 18/35 MP: 10/10
  2813 | D:3      | Learned a level 3 spell: Teleport Other
  2818 | D:3      | Learned a level 4 spell: Manifold Assault
  2826 | D:3      | Reached skill level 7 in Long Blades
  3031 | D:4      | Reached **** piety under Uskayaw
  3034 | D:4      | Reached skill level 8 in Long Blades
  3034 | D:4      | Reached XP level 7. HP: 15/40 MP: 11/11
  3678 | D:4      | Reached skill level 9 in Long Blades
  4272 | D:4      | Identified the +3 long sword of the Final Decision {chaos,
                  | *Corrode Fly Will+++ Str-5}
  4430 | D:4      | Found a staircase to the Ecumenical Temple.
  4655 | D:5      | Entered Level 5 of the Dungeon
  4969 | D:5      | Reached XP level 8. HP: 32/44 MP: 12/12
  5038 | D:5      | Reached skill level 10 in Long Blades
  5570 | D:6      | Noticed Dowan
  5586 | D:6      | Reached skill level 11 in Long Blades
  6040 | D:6      | Noticed Eustachio
  6416 | D:6      | Killed Eustachio
  6417 | D:6      | Reached skill level 5 in Dodging
  6505 | D:6      | Reached XP level 9. HP: 18/48 MP: 13/13
  6907 | D:6      | Noticed Duvessa
  6985 | D:7      | Noticed a two-headed ogre
  7001 | D:7      | Reached ***** piety under Uskayaw
  7026 | D:6      | Gained mutation: You have an increased reservoir of magic.
                  | (+10% MP) [potion of mutation]
  7026 | D:6      | HP: 2/48 [killer bee (1)]
  7027 | D:6      | Succumbed to a killer bee's poison

Illustrated notes

Levels and vault maps discovered:
D:1:      lordsloth_arrival_two_stooges, layout_basic, minmay_misc_feat_cross
D:2:      layout_loops_ring, basic_altar, st_stairs_7
D:3:      layout_loops_ring, basic_ecumenical_altar, minivault_5,
          bh_walls_and_bars
D:4:      old_forge, layout_rooms, minmay_temple_entry_butterflies
D:5:      layout_basic, st_stairs_5, sigmund_army
D:6:      minmay_evil_eye, layout_layer_cave, makhleb_blood_cavern_becter,
          minmay_shop_enchanted_jewellery, uniq_eustachio, uniq_duvessa
D:7:      layout_basic, nrook_mini_backslash

Skill      XL: |  1  2  3  4  5  6  7  8  9 |
---------------+----------------------------+-----
Long Blades    | 3 4 5 6 8 9 11 | 11.1
Dodging        | 5 7 |  7.5
Fighting       | |  2.0
Throwing       | |  1.0
Armour         | |  1.1
Spellcasting   | |  2.0
Translocations | |  2.4

Action                   |  1- 3 |  4- 6 |  7- 9 || total
-------------------------+-------+-------+-------++-------
Melee: Falchion          |   103 |   123 |   106 ||   332
       Kick              |    24 |    34 |    64 ||   122
       Peck              |    18 |    22 |    35 ||    75
       Punch             |       |     1 |       ||     1
       Long sword        |       |       |   141 ||   141
 Fire: Sling             |       |       |     8 ||     8
Throw: Boomerang         |       |     6 |     7 ||    13
       Throwing net      |       |     1 |       ||     1
 Cast: Blink             |       |     1 |     1 ||     2
  Use: Potion            |     1 |     2 |     6 ||     9
       Scroll            |       |       |     6 ||     6
 Stab: Held in net/web   |       |     2 |       ||     2
       Paralysed         |       |     3 |     5 ||     8
Armor: Leather armour    |    27 |    18 |    13 ||    58
       Robe              |       |       |    19 ||    19
Dodge: Dodged            |    74 |   126 |   194 ||   394

Table legend: (Time is in decaauts)
 A = Elapsed time spent in this place.
 B = Non-inter-level travel time spent in this place.
 C = Inter-level travel time spent in this place.
 D = Time resting spent in this place.
 E = Time spent auto-exploring this place.
 F = Levels seen in this place.
 G = Mean time per level.
                   A        B        C        D        E       F      G
               +--------+--------+--------+--------+--------+-----+--------+
         Total |   6798 |   6487 |    311 |   2221 |   2937 |   7 |  971.1 |
       Dungeon |   6798 |   6487 |    311 |   2221 |   2937 |   7 |  971.1 |
               +--------+--------+--------+--------+--------+-----+--------+

Top non-repeatable levels by time:
     D:3: 2014 daAuts
     D:5: 1439 daAuts
     D:4: 885 daAuts
     D:2: 845 daAuts
     D:1: 816 daAuts
     D:6: 716 daAuts
     D:7: 80 daAuts
